 Dungeon Crawl Stone Soup version 0.26-a0-752-gcff87cac9a (webtiles) character file.

Game seed: 9427690095576526979

18 Forecaster the Firebug (level 2, -1/22 HPs)
             Began as a Naga Fire Elementalist on Nov 6, 2020.
             Slain by a kobold
             ... wielding a +0 club
              (2 damage)
             ... on level 2 of the Dungeon.
             The game lasted 00:05:21 (774 turns).

Forecaster the Firebug (Naga Fire Elementalist)      Turns: 774, Time: 00:05:22

Health: -1/22      AC:  1    Str: 10    XL:     2   Next: 70%
Magic:  1/5        EV: 10    Int: 15    God:
Gold:   95         SH:  0    Dex: 11    Spells: 4/5 levels left

rFire    . . .     SeeInvis +   c - +4 short sword
rCold    . . .     Faith    .   (no shield)
rNeg     + . .     Spirit   .   a - +0 robe
rPois    +         Reflect  .   (no helmet)
rElec    .         Harm     .   (no cloak)
rCorr    .         Rampage  .   (no gloves)
MR       .....                  (no barding)
Stlth    ++........             (no amulet)
HPRegen  0.07/turn              d - ring of positive energy
MPRegen  0.09/turn              (no ring)

@: very slightly contaminated, very slow
A: large, see invisible, deformed body, poison resistance, slowness 2, spit
poison 1, AC +0
a: Spit Poison


You were on level 2 of the Dungeon.
You visited 1 branch of the dungeon, and saw 2 of its levels.

You collected 95 gold pieces.

Inventory:

Hand Weapons
 b - a +0 dagger
 c - a +4 short sword (weapon)
Missiles
 l - 17 sling bullets
Armour
 a - a +0 robe (worn)
Jewellery
 d - a ring of positive energy (left hand)
Scrolls
 f - a scroll of identify
 g - a scroll of fear {unknown}
 h - 2 scrolls of fog {unknown}
Potions
 e - 2 potions of berserk rage {unknown}
 j - a potion of degeneration {unknown}
 k - a potion of haste {unknown}


   Skills:
 + Level 1.7 Dodging
 + Level 3.0 Stealth
 + Level 2.1 Spellcasting
 + Level 1.1 Conjurations
 + Level 3.6 Fire Magic


You had 4 spell levels left.
You knew the following spells:

 Your Spells              Type           Power        Failure   Level
a - Foxfire               Conj/Fire      #...         9%          1

Your spell library contained the following spells:

 Spells                   Type           Power        Failure   Level
 Conjure Flame            Conj/Fire      #.......     24%         3
 Inner Flame              Hex/Fire       #.......     30%         3
 Sticky Flame             Conj/Fire      #.......     63%         4
 Fireball                 Conj/Fire      #.........   92%         5


Dungeon Overview and Level Annotations

Branches:
Dungeon (2/15)

Altars:


Innate Abilities, Weirdness & Mutations

You cannot wear boots.
Your serpentine skin is tough. (AC +0)
You have supernaturally acute eyesight. (SInv)
Armour fits poorly on your strangely shaped body.
Your system is resistant to poisons. (rPois)
You cover ground very slowly.
You can spit poison.


Message History

* * * LOW HITPOINT WARNING * * *
The jackal barely misses you. The jackal closely misses you.
You hit the jackal.
You kill the jackal!
The jackal barely misses you. The jackal closely misses you.
The jackal skeleton bites you.
* * * LOW HITPOINT WARNING * * *
The jackal bites you but does no damage.
The jackal closely misses you.
An adder comes into view.
The jackal misses you. The jackal barely misses you.
The jackal skeleton barely misses you. The jackal closely misses you.
The jackal barely misses you.
There is a stone staircase leading up here.
The jackal skeleton bites you but does no damage.
The jackal bites you but does no damage.
The jackal bites you.
* * * LOW HITPOINT WARNING * * *
The kobold hits you with a +0 club.
You die...

###########
#.........
#.......### .##
#........?#
....#.......#
###...hZ....###
......h@[.....#
#...#.K###....#
###.... ####
#.... #$...
#.S.. ...##
##..


You could see an adder (wandering), 2 jackals, a kobold and a jackal skeleton.

Vanquished Creatures
  3 giant cockroaches (D:1)
  3 goblins (D:1)
  A hobgoblin (D:1)
  2 jackals (D:2)
  2 frilled lizards (D:1)
  5 kobolds (D:1)
  A rat (D:1)
17 creatures vanquished.

Vanquished Creatures (others)
  43 foxfires
43 creatures vanquished.

Grand Total: 60 creatures vanquished

Notes
Turn   | Place    | Note
-------+----------+-------------------------------------------
     0 | D:1      | Forecaster the Naga Fire Elementalist began the quest for
                  | the Orb.
     0 | D:1      | Reached XP level 1. HP: 15/15 MP: 3/3
   185 | D:1      | Reached XP level 2. HP: 22/22 MP: 1/5
   774 | D:2      | HP: 1/22 [jackal (2)]
   774 | D:2      | Slain by a kobold

Illustrated notes

Levels and vault maps discovered:
D:1:      psy_arrival_terrarium, layout_rooms, hangedman_abyss_or_decor_stabs
D:2:      layout_rooms, lemuel_blue_sif_altar, minmay_misc_feat_hallway,
          minmay_joined_circles

Action                   || total
-------------------------++-------
Melee: Short sword       ||     6
 Cast: Foxfire           ||    25
  Use: Scroll            ||     1
Armor: Robe              ||     6
Dodge: Dodged            ||    20

Table legend: (Time is in decaauts)
 A = Elapsed time spent in this place.
 B = Non-inter-level travel time spent in this place.
 C = Inter-level travel time spent in this place.
 D = Time resting spent in this place.
 E = Time spent auto-exploring this place.
 F = Levels seen in this place.
 G = Mean time per level.
                   A        B        C        D        E       F      G
               +--------+--------+--------+--------+--------+-----+--------+
         Total |    955 |    859 |     96 |    134 |    497 |   2 |  477.5 |
       Dungeon |    955 |    859 |     96 |    134 |    497 |   2 |  477.5 |
               +--------+--------+--------+--------+--------+-----+--------+

Top non-repeatable levels by time:
     D:1: 940 daAuts
     D:2: 14 daAuts
